 Dungeon Crawl Stone Soup version 0.30.1-8-g117510f58f (webtiles) character file.

Game seed: 16172709925305888912

52 Aphynety the Firebug (level 3, -5/19 HPs)
             Began as a Deep Elf Fire Elementalist on Sept 22, 2023.
             Slain by an iguana (8 damage)
             ... on level 3 of the Dungeon.
             The game lasted 00:03:43 (2040 turns).

Aphynety the Firebug (Deep Elf Fire Elementalist)   Turns: 2040, Time: 00:03:44

Health: -5/19      AC:  3    Str:  5    XL:     3   Next: 60%
Magic:  7/10       EV: 13    Int: 21    God:
Gold:   153        SH:  0    Dex: 15    Spells: 8/9 levels left

rFire   . . .        (no weapon)
rCold   . . .        (no shield)
rNeg    . . .        a - +0 robe
rPois   .            (no helmet)
rElec   .            p - +0 cloak
rCorr   .            (no gloves)
SInv    .            (no boots)
Will    .....        (no amulet)
Stlth   ++           (no ring)
HPRegen 0.23/turn    (no ring)
MPRegen 0.12/turn

%: no passive effects
@: no status effects
A: no striking features
a: no special abilities


You were on level 3 of the Dungeon.
You visited 1 branch of the dungeon, and saw 3 of its levels.

You collected 153 gold pieces.

Inventory:

Armour
 a - a +0 robe (worn)
 p - a +0 cloak (worn)
Scrolls
 f - 2 scrolls of immolation {unknown}
 g - a scroll of fog {unknown}
 h - a scroll of poison {unknown}
 j - a scroll of teleportation {unknown}
 m - a scroll of amnesia {unknown}
 n - a scroll of identify {unknown}
 o - a scroll of noise {unknown}
Potions
 b - 2 potions of magic
 c - a potion of attraction {unknown}
 e - a potion of degeneration {unknown}
 i - a potion of lignification {unknown}
 k - a potion of brilliance {unknown}
 l - a potion of flight {unknown}


   Skills:
 + Level 3.1 Dodging
 + Level 3.2 Stealth
 + Level 3.5 Spellcasting
 + Level 1.9 Conjurations
 + Level 3.7 Fire Magic


You had 8 spell levels left.
You knew the following spells:

 Your Spells              Type           Power      Damage    Failure   Level
a - Foxfire               Conj/Fire      60%        2x1d7     4%          1

Your spell library contained the following spells:

 Spells                   Type           Power      Damage    Failure   Level
 Scorch                   Fire           38%        2d7       4%          2
 Inner Flame              Hex/Fire       11%        N/A       17%         3
 Volatile Blastmotes      Fire/Tloc      22%        2d11      17%         3
 Vhi's Electric Charge    Tloc/Air       6%         N/A       36%         3
 Flame Wave               Conj/Fire      15%        2d7       36%         4
 Arcjolt                  Conj/Air       3%         1d13      93%         5
 Yara's Violent Unravell  Hex/Tmut       1%         3d3       98%         5
 Plasma Beam              Fire/Air       5%         2x1d17    100%        6
 Enfeeble                 Hex            1%         N/A       100%        7


Dungeon Overview and Level Annotations

Branches:
Dungeon (3/15)

Altars:
Nemelex Xobeh


Message History

You now have 153 gold pieces (gained 12).
You open the door.
An iguana comes into view.
The iguana hisses angrily.
You conjure some foxfire!
Your foxfire dissipates!
The foxfire hits the iguana.
The iguana is lightly wounded.
You miscast Foxfire.
You are very lightly contaminated with residual magic.
Nothing appears to happen.
The iguana attacks as you move away! The iguana bites you.
Your magical contamination has completely faded away.
You conjure some foxfire!
The iguana closely misses you.
You conjure some foxfire!
The foxfire hits the iguana.
The iguana is lightly wounded.
The foxfire hits the iguana but does no damage.
The iguana is lightly wounded.
The iguana barely misses you.
You conjure some foxfire!
The foxfire hits the iguana but does no damage.
The iguana is lightly wounded.
The foxfire hits the iguana.
The iguana is moderately wounded.
The iguana bites you!
You are too injured to fight recklessly!
The iguana attacks as you move away! The iguana bites you.
* * * LOW HITPOINT WARNING * * *
The foxfire hits the iguana but does no damage.
The iguana is moderately wounded.
The foxfire hits the iguana.
The iguana is heavily wounded.
You see here 8 stones.
The iguana attacks as you move away! The iguana barely misses you.
You are too injured to fight recklessly!
As you read the scroll labelled FIMPYI SIMITZ, it crumbles to dust.
It is a scroll of enchant weapon.
You aren't carrying any weapons that can be enchanted.
The iguana bites you!
You die...

###
....####################
....'...................
.>#
....########..(l@..##
#.# ... #........# #.#
## #........# #.#
#........##### #.#
#............# #.#
#.......####.#####.#
#####+### #........#
##+######.#####.#
♣.........# #.#


You could see an iguana.

Vanquished Creatures
  An adder (D:2)
  2 dart slugs (D:2)
  An orc (D:2)
  An endoplasm (D:2)
  A giant cockroach (D:1)
  4 goblins
  5 hobgoblins
  4 jackals (D:1)
  3 kobolds (D:1)
  A quokka (D:1)
  3 ball pythons
  2 bats
  6 frilled lizards
  3 rats (D:1)
37 creatures vanquished.

Vanquished Creatures (others)
  184 foxfires
184 creatures vanquished.

Grand Total: 221 creatures vanquished

Notes
Turn   | Place    | Note
-------+----------+-------------------------------------------
     0 | D:1      | Aphynety the Deep Elf Fire Elementalist began the quest for
                  | the Orb.
     0 | D:1      | Reached XP level 1. HP: 10/10 MP: 6/6
   295 | D:1      | Reached XP level 2. HP: 15/15 MP: 4/8
  1042 | D:2      | Found a sparkling altar of Nemelex Xobeh.
  1104 | D:2      | Reached XP level 3. HP: 19/19 MP: 6/9
  2040 | D:3      | Slain by an iguana

Illustrated notes

Levels and vault maps discovered:
D:1:      heliophobic_arrival_battle_scene, layout_basic
D:2:      kennysheep_big_flooded_room, layout_loops_ring, basic_altar
D:3:      layout_basic, serial_shops, nicolae_lakefront_shop, serial_forest,
          infiniplex_forest_lined_3, infiniplex_forest_lined_room_,
          infiniplex_forest_corner_2, infiniplex_forest_zigzag_1,
          infiniplex_forest_clump_tiny, infiniplex_forest_straight_3,
          infiniplex_forest_lined_4_way, infiniplex_forest_lined_room_2

Skill      XL: |  1  2  3 |
---------------+----------+-----
Stealth        | 3 |  3.2
Dodging        | 3 |  3.1
Spellcasting   | |  3.5
Conjurations   | |  1.9
Fire Magic     | |  3.7

Action                     || total
---------------------------++-------
   Cast: Foxfire           ||   106
    Use: Scroll            ||     1
 Armour: Robe              ||     1
  Dodge: Dodged            ||     4
